 Dungeon Crawl Stone Soup version 0.23.2-40-g277498a001 (webtiles) character file.

Game seed: 6205494799807368021

157 Martska the Ducker (level 5, -1/39 HPs)
             Began as a Merfolk Ice Elementalist on Oct 3, 2019.
             Slain by an iguana (10 damage)
             ... on level 2 of the Dungeon.
             The game lasted 00:11:05 (2436 turns).

Martska the Ducker (Merfolk Ice Elementalist)       Turns: 2436, Time: 00:11:06

Health: -1/39      AC:  5    Str: 12    XL:     5   Next: 38%
Magic:  3/8        EV: 14    Int: 14    God:
Gold:   45         SH:  0    Dex: 16    Spells: 3/9 levels left

rFire    . . .     SeeInvis .   h - +0 short sword
rCold    . . .     Gourm    .   (no shield)
rNeg     . . .     Faith    .   i - +1 leather armour
rPois    .         Spirit   .   k - +0 helmet
rElec    .         Reflect  .   (no cloak)
rCorr    .         Harm     .   (no gloves)
MR       .....                  (no boots)
Stlth    ++........             (no amulet)
HPRegen  0.13/turn              d - +4 ring of strength
MPRegen  0.11/turn              (no ring)

@: no status effects
A: change form in water, swift swim, stealthy swim
a: no special abilities


You were on level 2 of the Dungeon.
You were not hungry.

You visited 1 branch of the dungeon, and saw 3 of its levels.

You collected 45 gold pieces.

Inventory:

Hand Weapons
 b - a +0 club
 h - a +0 short sword (weapon)
Missiles
 g - 51 stones (quivered)
Armour
 a - a +0 robe
 i - a +1 leather armour (worn)
 k - a +0 helmet (worn)
Jewellery
 d - a +4 ring of strength (left hand)
 o - an uncursed ring of poison resistance {unknown}
Scrolls
 f - 2 scrolls of remove curse
 j - a scroll of fog {unknown}
 n - a scroll of identify {unknown}
 p - 3 scrolls of enchant armour
Potions
 e - 2 potions of curing {unknown}
 l - a potion of agility
 m - 2 potions of brilliance {unknown}
Comestibles
 c - 3 rations


   Skills:
 * Level 2.6 Fighting
 * Level 4.4 Dodging
 + Level 3.1 Stealth
 + Level 2.5 Spellcasting
 - Level 0.7 Conjurations
 + Level 3.9 Ice Magic


You had 3 spell levels left.
You knew the following spells:

 Your Spells              Type           Power        Failure   Level  Hunger
a - Freeze                Ice            ##..         6%          1    #......
b - Throw Frost           Conj/Ice       #.....       17%         2    ###....
c - Ozocubu's Armour      Chrm/Ice       #.......     36%         3    ###....

Your spell library contained the following spells:

 Spells                   Type           Power        Failure   Level  Hunger
 Throw Icicle             Conj/Ice       #.......     73%         4    #####..
 Summon Ice Beast         Ice/Summ       #.......     77%         4    #####..


Dungeon Overview and Level Annotations

Branches:
Dungeon (3/15)

Altars:
Makhleb


Message History

The adder is severely wounded.
The adder seems to slow down.
The adder bites you. The iguana barely misses you.
Casting: Freeze (safe; 6% risk of failure)
Confirm with . or Enter, or press ? or * to list all spells.
Aiming: Freeze (safe; 6% risk of failure)
Press: ? - help, Shift-Dir - straight line, f/p - adder
Aim: an adder (severely wounded, slow)
You freeze the adder!
You kill the adder!
The iguana bites you. The iguana misses you.
There is an open door here.
There is a stone staircase leading up here.
The iguana bites you!
* * * LOW HITPOINT WARNING * * *
You climb upwards.
There is a stone staircase leading down here.
The iguana bites you!
You die...

#### ...# ######## ##.#
#....... #.# #.######
#.######### #.######
#.......).# #.##....
#########.########## #.##.###
####.......l>##.## #.##.##
#...........@#.#.#####.....##
#.##.#.#####..###............
#.##.......#...#..<..........
#.....###........#########.##
#..##.#.#........# #.#
#..#.......#.##### #.#
#..##...##.).# #.#
#.......)#...# #.#
#...#.#.##.#.# #.#


You could see an iguana.

Vanquished Creatures
  A hound (D:3)
  Jessica (D:3)
  5 adders
  An ooze (D:2)
  A worm (D:2)
  3 dart slugs
  3 leopard geckos
  2 goblins (D:1)
  2 hobgoblins
  2 jackals (D:1)
  6 kobolds
  A quokka (D:2)
  9 bats
  3 frilled lizards (D:2)
  4 rats
44 creatures vanquished.

Notes
Turn   | Place    | Note
-------+----------+-------------------------------------------
     0 | D:1      | Martska the Merfolk Ice Elementalist began the quest for
                  | the Orb.
     0 | D:1      | Reached XP level 1. HP: 13/13 MP: 3/3
   244 | D:1      | Reached skill level 3 in Dodging
   244 | D:1      | Reached XP level 2. HP: 17/20 MP: 3/5
   478 | D:1      | Reached skill level 1 in Fighting
  1129 | D:1      | Learned a level 2 spell: Throw Frost
  1191 | D:2      | Reached XP level 3. HP: 24/26 MP: 3/6
  1671 | D:2      | Reached XP level 4. HP: 26/33 MP: 2/7
  1975 | D:2      | Learned a level 3 spell: Ozocubu's Armour
  2152 | D:2      | Reached skill level 4 in Dodging
  2291 | D:3      | Found a burning altar of Makhleb.
  2297 | D:3      | Reached XP level 5. HP: 37/39 MP: 3/8
  2413 | D:3      | Noticed Jessica
  2420 | D:3      | Killed Jessica
  2436 | D:2      | Slain by an iguana

Skill      XL: |  1  2  3  4 |
---------------+-------------+-----
Dodging        | 3 4 |  4.4
Fighting       | 1 2 |  2.6
Stealth        | 3 |  3.1
Spellcasting   | |  2.5
Conjurations   | |  0.7
Ice Magic      | |  3.9

Action                   |  1- 3 |  4- 6 || total
-------------------------+-------+-------++-------
Melee: Club              |     9 |       ||     9
       Short sword       |    25 |    29 ||    54
 Cast: Freeze            |    36 |    27 ||    63
       Throw Frost       |     1 |       ||     1
  Use: Scroll            |     4 |       ||     4
 Stab: Sleeping          |     1 |     5 ||     6
  Eat: Ration            |     1 |     1 ||     2
Armor: Robe              |    15 |       ||    15
       Leather armour    |    19 |    15 ||    34
Dodge: Dodged            |    54 |    35 ||    89
